 Dungeon Crawl Stone Soup version 0.29.1-1-gd02db6906a (webtiles) character file.

Game seed: 2618285277452348888

1361 raistware the Conjurer (level 8, 0/108 HPs)
             Began as an Octopode Conjurer on Sept 23, 2022.
             Was a Follower of Vehumet.
             Succumbed to a killer bee's poison
             ... on level 7 of the Dungeon.
             The game lasted 00:15:31 (6962 turns).

raistware the Conjurer (Octopode Conjurer)          Turns: 6962, Time: 00:15:31

Health: 0/108      AC: 28    Str:  6    XL:     8   Next: 64%
Magic:  7/17       EV:  2    Int: 23    God:    Vehumet [*.....]
Gold:   349        SH:  0    Dex: 10    Spells: 14/20 levels left

rFire   . . .      SeeInvis .   l - +0 quarterstaff
rCold   . . .      Faith    .   (shield currently unavailable)
rNeg    . . .      Spirit   .   (helmet currently unavailable)
rPois   +          Reflect  .   r - amulet of magic regeneration
rElec   .          Harm     .   e - +4 ring of protection
rCorr   .          Rampage  .   (no ring)
Will    .....      NoTele   +   (no ring)
Stlth   ..........              (no ring)
HPRegen 0.28/turn               (no ring)
MPRegen 0.55/turn               (no ring)
                                (no ring)
                                (no ring)

@: berserking, lethally poisoned (0 -> -2), tree-form, very quick
A: stationary, stasis, torment immunity, boosted hp, almost no armour,
(amphibious), 8 rings, (camouflage 1), (gelatinous body 1), (nimble swimmer 1),
(tentacles)
a: Renounce Religion


You were on level 7 of the Dungeon.
You worshipped Vehumet.
Vehumet was aware of your devotion.
You were a tree.
You visited 1 branch of the dungeon, and saw 7 of its levels.
You visited the Abyss 1 time.

You collected 363 gold pieces.
You spent 14 gold pieces at shops.

Inventory:

Hand Weapons
 l - a +0 quarterstaff (weapon)
 o - a +2 dagger of flaming
Missiles
 q - 2 poisoned darts
Jewellery
 e - a +4 ring of protection (left branch)
 r - an amulet of magic regeneration (around neck)
Wands
 v - a wand of flame (21)
Scrolls
 b - 2 scrolls of summoning {unknown}
 c - 3 scrolls of teleportation
 d - a scroll of acquirement {unknown}
 g - a scroll of torment {unknown}
 h - 2 scrolls of amnesia {unknown}
 i - a scroll of poison {unknown}
 k - a scroll of noise {unknown}
 n - 3 scrolls of immolation
 p - a scroll of vulnerability {unknown}
 s - a scroll of enchant armour {unknown}
 t - a scroll of fog {unknown}
Potions
 a - a potion of magic
 j - 2 potions of lignification
 m - 3 potions of might
 w - a potion of haste {unknown}


   Skills:
 - Level 1.0 Fighting
 - Level 1.0 Staves
 - Level 3.0 Dodging
 - Level 3.0 Stealth
 * Level 6.6 Spellcasting
 * Level 7.0 Conjurations
 - Level 3.0 Translocations
 - Level 2.0 Evocations


You had 14 spell levels left.
You knew the following spells:

 Your Spells              Type           Power      Damage    Failure   Level
a - Magic Dart            Conj           100%       1d8       1%          1
b - Iskenderun's Mystic   Conj/Tloc      30%        2d8       10%         4
z - Apportation           Tloc           42%        N/A       2%          1

Your spell library contained the following spells:

 Spells                   Type           Power      Damage    Failure   Level
 Shock                    Conj/Air       92%        1d8       1%          1
 Searing Ray              Conj           80%        2d7       1%          2
 Dazzling Flash           Conj/Hex       46%        N/A       5%          3
 Necrotise                Necr           28%        1d5       9%          1
 Summon Small Mammal      Summ           28%        N/A       9%          1
 Sublimation of Blood     Necr           7%         N/A       12%         2
 Wereblood                Tmut           7%         N/A       12%         2
 Fulminant Prism          Conj/Hex       11%        3d9       19%         4
 Summon Forest            Summ/Tloc      7%         N/A       77%         5
 Alistair's Intoxication  Tmut/Pois      4%         N/A       92%         5
 Eringya's Noxious Bog    Tmut/Pois      3%         N/A       100%        6
 Summon Hydra             Summ           3%         N/A       100%        7


Dungeon Overview and Level Annotations

Branches:
Dungeon (7/15)
 Temple: D:4-7

Altars:
Dithmenos
Elyvilon
Nemelex Xobeh
Okawaru
Ru
Sif Muna
Vehumet
Yredelemnul
Zin
The Shining One

Shops:
D:2 *

Annotations:
D:5 3 runed translucent doors, exclusions: 3 doors and steam dragon, EvilAshe's ghost, amateur MfVM
D:6 exclusion: steam dragon


Innate Abilities, Weirdness & Mutations

You are a tree.
Your roots penetrate the ground, keeping you stationary.
You cannot be teleported.
You are immune to unholy pain and torment.
Your maximum health is greatly increased.
You cannot wear most types of armour.
((You are amphibious.))
You can wear up to eight rings at the same time.
((Your skin changes colour to match your surroundings (Stealth+).))
((Your rubbery body absorbs attacks. (AC +1, EV +1)))
((You are camouflaged when in or above water. (Stealth+)))
((You have tentacles for arms and can constrict up to eight enemies at once.))


Message History

The puff of flame misses the killer bee.
The white imp shouts!
* * * LOW HITPOINT WARNING * * *
You feel sick.
The killer bee stings you but does no damage. x2
The white imp gestures at you.
The puff of frost hits you but does no damage.
Aiming: Throw Flame
Press: ? - help, Shift-Dir - straight line, f/p - killer bee
Aim: a killer bee (almost dead, 43% to hit)
The puff of flame hits the killer bee!
You kill the killer bee!
Vehumet accepts your kill.
* * * LOW HITPOINT WARNING * * *
You feel sick.
Your Conjurations skill increases to level 7!
Aiming: Throw Flame
Press: ? - help, Shift-Dir - straight line, f - white imp
Aim: a white imp (71% to hit)
The puff of flame hits the white imp!
The white imp is burned terribly!
The white imp is almost dead.
* * * LOW HITPOINT WARNING * * *
You feel sick.
Aiming: Throw Flame
Press: ? - help, Shift-Dir - straight line, f/p - white imp
Aim: a white imp (almost dead, 71% to hit)
The puff of flame hits the white imp.
The white imp is burned terribly!
You kill the white imp!
Vehumet accepts your kill.
* * * LOW HITPOINT WARNING * * *
You feel sick.
It was a potion of berserk rage.
A red film seems to cover your vision as you go berserk!
You feel yourself moving faster!
You feel mighty!
* * * LOW HITPOINT WARNING * * *
You feel sick.
Your magical contamination has completely faded away.
You are too berserk!
You feel a strong urge to attack something.
You die...

### ### .#. #..
>.#...#
######.#.......
.......♣.†#
.#######.## ...
##..# #.# .# #


There were no monsters in sight!

Vanquished Creatures
  A water moccasin (D:6)
  2 ogres (D:5)
  A centaur (D:5)
  2 phantoms (D:4)
  A necrophage (D:6)
  6 killer bees (D:7)
  3 hounds
  An orc priest (D:6)
  A gnoll bouda (D:5)
  A scorpion zombie (D:3)
  7 orc wizards
  6 gnolls
  2 adders (D:4)
  2 shadow imps
  A white imp (D:7)
  2 worms
  3 dart slugs
  12 orcs
  4 endoplasms
  6 giant cockroaches
  4 goblins
  5 hobgoblins
  2 jackals (D:2)
  2 kobolds (D:4)
  3 quokkas
  9 ball pythons
  A ball python zombie (D:3)
  5 bats
  5 frilled lizards
  3 rats
103 creatures vanquished.

Vanquished Creatures (others)
  2 fungi (D:5)
  2 plants (D:5)
  A starspawn tentacle (Abyss:1)
5 creatures vanquished.

Grand Total: 108 creatures vanquished

Notes
Turn   | Place    | Note
-------+----------+-------------------------------------------
     0 | D:1      | raistware the Octopode Conjurer began the quest for the
                  | Orb.
     0 | D:1      | Reached XP level 1. HP: 11/11 MP: 3/3
   596 | D:1      | Reached XP level 2. HP: 17/17 MP: 2/5
  1392 | D:2      | Found a white marble altar of Elyvilon.
  1446 | D:2      | Reached XP level 3. HP: 21/21 MP: 0/7
  1770 | D:2      | Found Jeicsoh's General Store.
  1777 | D:2      | Bought a potion of degeneration for 14 gold pieces
  2032 | D:2      | Found a faded altar of an unknown god.
  2447 | D:3      | Learned a level 1 spell: Apportation
  2498 | D:3      | Found a radiant altar of Vehumet.
  2502 | D:3      | Became a worshipper of Vehumet
  2614 | D:3      | Reached XP level 4. HP: 27/27 MP: 4/9
  2619 | D:3      | Learned a level 4 spell: Iskenderun's Mystic Blast
  2653 | D:3      | Found a sparkling altar of Nemelex Xobeh.
  3148 | D:3      | Found a glowing golden altar of the Shining One.
  3152 | D:3      | Found a shimmering blue altar of Sif Muna.
  3313 | D:3      | Reached skill level 1 in Translocations
  3423 | D:3      | Found a basalt altar of Yredelemnul.
  3502 | D:4      | Reached XP level 5. HP: 25/31 MP: 3/11
  3792 | D:4      | Noticed a phantom
  3857 | D:4      | Found an iron altar of Okawaru.
  3994 | D:4      | Reached skill level 1 in Staves
  4159 | D:4      | Found a glowing silver altar of Zin.
  4202 | D:4      | Noticed a phantom
  4210 | D:4      | Killed a phantom
  4211 | D:4      | Reached skill level 1 in Fighting
  4211 | D:4      | Reached XP level 6. HP: 38/38 MP: 7/12
  4589 | D:4      | Found a shadowy altar of Dithmenos.
  4796 | D:5      | Entered Level 5 of the Dungeon
  4889 | D:5      | Reached skill level 5 in Conjurations
  4889 | D:5      | Reached XP level 7. HP: 3/43 MP: 3/14
  5204 | D:5      | Noticed a steam dragon
  5389 | D:5      | Reached skill level 5 in Spellcasting
  5789 | D:5      | Found a sacrificial altar of Ru.
  5982 | D:5      | Found a runed translucent gate.
  5982 | D:5      | Found a runed translucent gate.
  5984 | D:5      | Found a runed translucent gate.
  5985 | D:5      | Noticed EvilAshe's ghost (amateur MfVM)
  6369 | D:6      | Reached skill level 6 in Conjurations
  6369 | D:6      | Reached XP level 8. HP: 48/48 MP: 14/16
  6464 | D:6      | Reached * piety under Vehumet
  6464 | D:6      | Offered knowledge of Shock by Vehumet.
  6718 | D:6      | Reached skill level 1 in Evocations
  6727 | Abyss:1  | Cast into level 1 of the Abyss (gnoll)
  6800 | Abyss:1  | Noticed a tentacled starspawn
  6911 | Abyss:1  | Noticed a glowing orange brain
  6925 | Abyss:1  | Noticed a guardian serpent
  6925 | Abyss:1  | Noticed a naga warrior
  6927 | Abyss:1  | Noticed a naga mage
  6938 | D:6      | Escaped the Abyss
  6958 | D:7      | HP: 3/72 [poisoned by a killer bee]
  6959 | D:7      | Reached skill level 7 in Conjurations
  6960 | D:7      | HP: 1/72 [poisoned by a killer bee]
  6962 | D:7      | Succumbed to a killer bee's poison

Illustrated notes

Levels and vault maps discovered:
D:1:      psy_arrival_statuary, layout_basic, minmay_pentomino_u2
D:2:      layout_basic, shapermc_ecumenical_altar_pompeii, serial_shops,
          nicolae_shop_competitors_out_of_business, basic_altar
D:3:      layout_loops_ring, minitemple, mainiacjoe_overflow_24_doors,
          lemuel_zombie_altar_yredelemnul, serial_forest,
          infiniplex_forest_straight_3, infiniplex_forest_3_way,
          infiniplex_forest_zigzag_1, infiniplex_forest_clump_medium,
          infiniplex_forest_lined_3, infiniplex_forest_zigzag_1
D:4:      layout_basic, mainiacjoe_overflow_alcove_1, zin_statuary,
          mainiacjoe_overflow_surrounded_room, minivault_27
D:5:      layout_basic, nicolae_ru_path_of_blood, gammafunk_ghost_nasty_kobolds
D:6:      minmay_bubble_buster, layout_rooms, minmay_temple_entry_tees,
          palyth_stone_intersect, uniq_crazy_yiuf_cottage
D:7:      layout_basic, mainiacjoe_overflow_tiny_flanked, serial_corexii_hall,
          corexii_hall_statues_i, corexii_hall_statues_i,
          corexii_hall_statues_deadend, corexii_hall_statues_t,
          hangedman_abyss_or_decor_slice, minmay_misc_feat_tiny,
          chequers_big_river, glass_columns_c, minmay_shop_mass,
          hangedman_decor_diamond_cutter, wad_rectangle_vault

Skill      XL: |  1  2  3  4  5  6  7  8 |
---------------+-------------------------+-----
Spellcasting   | 3 4 5 6 |  6.6
Translocations | 2 3 |  3.0
Stealth        | 3 |  3.0
Staves         | 1 |  1.0
Fighting       | 1 |  1.0
Conjurations   | 5 6 7 |  7.0
Dodging        | 3 |  3.0
Evocations     | 2 |  2.0

Action                   |  1- 3 |  4- 6 |  7- 9 || total
-------------------------+-------+-------+-------++-------
Melee: Unarmed           |     8 |       |       ||     8
       Constrict         |     4 |     4 |     7 ||    15
       Tentacles         |     2 |     4 |     8 ||    14
       Punch             |     1 |       |       ||     1
       Quarterstaff      |     6 |    34 |    21 ||    61
 Cast: Magic Dart        |    79 |    86 |    74 ||   239
       Iskenderun's Myst |       |     3 |    10 ||    13
Evoke: Wand              |       |       |     9 ||     9
  Use: Potion            |       |     2 |     2 ||     4
       Scroll            |       |       |     5 ||     5
Armor: Skin              |     2 |    26 |    19 ||    47
Dodge: Dodged            |     8 |    38 |    20 ||    66
